Map: Flashback LE

Players

MattBarry - Winner!

  • Race: Protoss Protoss
  • Spawn Location: 11:00

MattBarry - Winner!

  • Race: Protoss Protoss
  • Spawn Location: 11:00

MattBarry - Winner!

  • Race: Zerg Zerg
  • Spawn Location: 9:00

TDXZoso

  • Race: Protoss Protoss
  • Spawn Location: 7:00

TDXBomb

  • Race: Protoss Protoss
  • Spawn Location: 7:00

Shadie

  • Race: Zerg Zerg
  • Spawn Location: 7:00

VOD

Have the link to the VOD?

Description

Time

  • Played on: Dec. 22, 2022, 11:09 p.m.
  • Length: 12:48
Show
View Real Time Build Order
Export as new Build Order

MattBarry Protoss - Winner!

Build Orders:  

Get SALT Encoding   

  12  0:00  Probe  
  13  0:12  Probe  
  14  0:18  Pylon  
  14  0:24  Probe  
  15  0:37  Probe (Chrono Boost)  
  15  0:40  Gateway  
  16  0:49  Probe (Chrono Boost)  
  17  0:50  Assimilator  
  17  0:55  Probe (Chrono Boost)  
  18  1:05  Probe  
  18  1:06  Pylon  
  19  1:18  Probe  
  20  1:28  Cybernetics Core  
  20  1:29  Zealot  
  20  1:30  Probe  
  23  1:42  Probe  
  24  1:54  Probe  
  25  2:02  Warp Gate (Chrono Boost), Nexus  
  25  2:08  Probe  
  26  2:16  Adept  
  26  2:20  Probe  
  26  2:22  Assimilator  
  29  2:31  Pylon  
  29  2:32  Probe  
  30  2:44  Probe  
  30  2:48  Adept  
  30  2:49  Gateway  
  33  2:56  Pylon  
  33  2:58  Probe  
  34  3:13  Gateway  
  34  3:15  Probe  
  34  3:18  Probe  
  36  3:27  Probe  
  36  3:34  Robotics Facility  
  37  3:36  Probe  
  38  3:43  Probe  
  38  3:44  Stalker  
  38  3:46  Stalker  
  43  3:56  Probe  
  43  3:59  Pylon  
  44  4:05  Assimilator  
  44  4:07  Probe  
  45  4:15  Pylon  
  45  4:21  Stalker x3  
  51  4:27  Probe  
  51  4:28  Probe  
  53  4:40  Stargate, Probe x2  
  53  4:42  Stargate  
  55  4:52  Probe x2  
  57  4:54  Assimilator  
  57  5:02  Observer  
  57  5:04  Probe x2  
  60  5:07  Forge  
  60  5:16  Probe x2  
  60  5:17  Twilight Council  
  62  5:28  Probe x2  
  68  5:31  Void Ray  
  72  5:36  Void Ray  
  72  5:43  Warp Prism  
  74  5:55  Probe x2  
  76  6:06  Nexus  
  76  6:08  Pylon  
  76  6:10  Pylon  
  76  6:17  Protoss Air Weapons Level 1 (Chrono Boost), Pylon  
  76  6:20  Probe x2  
  76  6:23  Void Ray x2  
  78  6:30  Photon Cannon  
  86  6:45  Probe  
  86  6:46  Probe  
  96  7:04  Void Ray x2 (Chrono Boost)  
  94  7:13  Fleet Beacon  
  86  7:29  Assimilator  
  86  7:31  Probe x3  
  86  7:33  Assimilator  
  97  7:38  Void Ray x2 (Chrono Boost)  
  97  7:43  Probe x3  
  100  8:08  Nexus  
  100  8:12  Void Ray x2 (Chrono Boost)  
  108  8:16  Protoss Air Armor Level 1 (Chrono Boost)  
  108  8:33  Zealot  
  108  8:34  Zealot x2  
  114  8:40  Pylon  
  114  8:41  Pylon  
  114  8:43  Pylon  
  114  8:44  Pylon  
  114  8:46  Pylon  
  114  8:47  Pylon  
  114  8:57  Stargate  
  122  9:04  Void Ray x2  
  122  9:14  Photon Cannon  
  122  9:16  Photon Cannon  
  122  9:19  Photon Cannon  
  122  9:22  Probe x4  
  126  9:33  Assimilator  
  126  9:34  Probe  
  126  9:37  Assimilator  
  135  9:47  Void Ray x2  
  135  9:50  Probe x3  
  135  9:51  Photon Cannon, Probe  
  135  9:52  Photon Cannon  
  139  10:06  Void Ray  
  151  10:30  Void Ray x2  
  149  10:49  Void Ray  
  151  11:13  Void Ray x2  
  151  11:32  Void Ray  
  163  11:56  Void Ray x2  
Show
View Real Time Build Order
Export as new Build Order

MattBarry Protoss - Winner!

Build Orders:  

Get SALT Encoding   

  12  0:00  Probe  
  13  0:12  Probe  
  14  0:19  Pylon  
  14  0:24  Probe  
  15  0:37  Probe (Chrono Boost)  
  15  0:41  Gateway  
  16  0:49  Probe (Chrono Boost)  
  17  0:55  Probe (Chrono Boost)  
  18  1:03  Probe  
  19  1:06  Assimilator  
  19  1:15  Probe  
  20  1:27  Cybernetics Core  
  20  1:30  Probe  
  20  1:31  Zealot  
  23  1:36  Pylon  
  23  1:54  Probe  
  24  2:06  Stalker, Probe  
  24  2:08  Warp Gate  
  27  2:12  Assimilator  
  27  2:14  Pylon  
  27  2:19  Probe  
  28  2:31  Probe  
  28  2:36  Stalker  
  31  2:40  Nexus  
  31  2:43  Pylon, Probe  
  32  2:55  Probe  
  33  3:07  Probe  
  34  3:14  Stalker  
  34  3:19  Probe  
  37  3:28  Pylon  
  37  3:33  Probe  
  38  3:44  Gateway  
  38  3:45  Robotics Facility, Probe  
  38  3:47  Forge  
  39  3:55  Probe  
  39  3:57  Probe  
  39  4:01  Assimilator  
  40  4:04  Sentry  
  40  4:07  Probe  
  40  4:09  Probe  
  44  4:19  Probe  
  44  4:20  Protoss Ground Weapons Level 1 (Chrono Boost)  
  44  4:21  Probe  
  46  4:32  Observer (Chrono Boost), Probe  
  46  4:33  Probe  
  49  4:44  Probe  
  49  4:45  Stalker x2, Probe  
  53  4:49  Observer (Chrono Boost)  
  56  4:56  Probe  
  56  4:57  Probe  
  58  5:05  Immortal  
  62  5:11  Probe x2  
  64  5:15  Stalker x2  
  64  5:19  Pylon  
  64  5:20  Pylon  
  68  5:23  Pylon, Probe x2  
  70  5:37  Probe x2  
  72  5:49  Probe x2  
  74  6:01  Zealot, Probe  
  74  6:02  Zealot  
  79  6:13  Probe x2  
  79  6:15  Assimilator  
  81  6:19  Immortal (Chrono Boost)  
  85  6:33  Probe x2  
  85  6:36  Pylon, Protoss Ground Armor Level 1 (Chrono Boost), Nexus  
  87  6:41  Twilight Council  
  87  6:46  Zealot x2  
  91  6:53  Immortal (Chrono Boost)  
  95  6:55  Gateway  
  95  7:01  Gateway  
  95  7:06  Pylon  
  95  7:07  Pylon  
  95  7:10  Probe x2  
  97  7:20  Photon Cannon  
  98  7:22  Probe  
  98  7:23  Immortal  
  102  7:32  Zealot x2  
  106  7:39  Blink  
  106  7:50  Zealot  
  108  7:54  Zealot x2  
  112  8:00  Gateway  
  112  8:01  Gateway  
  112  8:02  Gateway  
  112  8:07  Probe  
  112  8:10  Observer  
  113  8:19  Probe  
  114  8:29  Protoss Ground Weapons Level 2 (Chrono Boost)  
  114  8:31  Assimilator, Probe  
  115  8:43  Probe  
  115  8:44  Zealot  
  115  8:45  Zealot x3  
  124  8:55  Probe  
  125  9:08  Probe  
  124  9:13  Zealot  
  124  9:14  Zealot x4  
  124  9:16  Pylon x2  
  132  9:19  Pylon  
  132  9:20  Pylon, Probe  
  133  9:24  Assimilator  
  133  9:35  Stalker  
  133  9:36  Stalker x3  
  133  9:37  Stalker x3  
  146  9:40  Charge  
  146  9:58  Photon Cannon  
  146  10:02  Pylon  
  146  10:09  Observer  
  147  10:22  Nexus  
  147  10:23  Pylon  
  147  10:35  Zealot x6  
  155  10:36  Zealot  
  151  11:02  Zealot x6  
  151  11:03  Zealot  
  151  11:22  Zealot x2  
  151  11:23  Zealot x5  
  165  11:31  Pylon  
  165  11:32  Pylon  
  161  11:34  Pylon  
  161  11:44  Gateway  
  161  11:46  Gateway  
  159  11:49  Assimilator  
  157  11:54  Zealot x2  
  157  11:55  Zealot x5  
  157  12:20  Stalker x6  
  157  12:21  Stalker  
Show
View Real Time Build Order
Export as new Build Order

MattBarry Zerg - Winner!

Build Orders: Hatch First, Swarm Host 

Get SALT Encoding   

  12  0:00  Drone  
  13  0:12  Drone  
  14  0:17  Overlord  
  14  0:23  Extractor  
  14  0:24  Drone  
  15  0:48  Hatchery  
  14  0:51  Drone  
  14  0:52  Drone  
  16  0:59  Drone  
  17  1:07  Drone  
  18  1:19  Extractor  
  18  1:25  Spawning Pool  
  16  1:26  Drone  
  16  1:27  Drone  
  18  1:35  Overlord  
  18  2:02  Drone  
  18  2:05  Drone  
  20  2:12  Queen  
  20  2:14  Queen  
  25  2:15  Drone x2  
  25  2:16  Drone  
  27  2:28  Drone  
  27  2:29  Drone  
  29  2:33  Metabolic Boost  
  29  2:37  Drone  
  30  2:52  Hatchery  
  30  2:57  Queen  
  31  3:00  Drone  
  31  3:01  Drone  
  31  3:02  Overlord  
  33  3:09  Overlord  
  33  3:11  Zergling x2  
  34  3:16  Lair  
  34  3:21  Zergling x2  
  34  3:22  Zergling x2  
  36  4:03  Drone x4  
  36  4:05  Drone x2  
  36  4:08  Extractor  
  41  4:11  Extractor  
  41  4:15  Extractor  
  39  4:36  Spire  
  38  4:42  Drone  
  38  4:43  Drone x2  
  38  4:44  Drone x2  
  43  4:46  Zergling x6  
  43  4:47  Zergling x2  
  47  5:01  Queen  
  49  5:07  Queen  
  51  5:15  Spore Crawler  
  51  5:21  Spore Crawler, Drone x5, Overlord  
  51  5:22  Overlord  
  51  5:23  Overlord  
  51  5:24  Drone x4  
  58  5:41  Drone  
  58  5:42  Drone  
  60  5:48  Infestation Pit  
  59  5:52  Evolution Chamber, Drone  
  59  5:53  Drone x3  
  59  5:54  Evolution Chamber, Drone x3  
  64  6:09  Extractor  
  63  6:14  Extractor  
  62  6:37  Spore Crawler  
  61  6:42  Spore Crawler  
  60  6:51  Hatchery  
  59  6:57  Corruptor x2  
  59  6:58  Corruptor x2  
  67  7:04  Swarm Host x4  
  67  7:05  Swarm Host  
  82  7:09  Overlord x3  
  82  7:12  Overlord  
  82  7:15  Overlord  
  82  7:39  Swarm Host x5  
  82  7:40  Swarm Host x3  
  82  7:41  Swarm Host x2  
  112  7:50  Hatchery  
  111  7:52  Zerg Melee Weapons Level 1  
  111  8:07  Hive  
  111  8:31  Burrow  
  106  9:04  Overseer x2  
  99  9:17  Overlord x2  
  99  9:18  Drone x2  
  101  9:26  Greater Spire  
  101  9:30  Zerg Ground Armor Level 1  
  98  10:20  Overseer  
  98  10:21  Overseer  
  98  10:23  Pneumatized Carapace  
  98  10:42  Drone x4, Overlord x3  
  102  10:43  Overlord x2  
  102  10:44  Corruptor x8  
  106  11:29  Brood Lord  
  106  11:30  Brood Lord  
  106  11:31  Brood Lord  
  112  12:04  Corruptor, Overlord  
  112  12:05  Corruptor x5  
  124  12:10  Corruptor x5  
  124  12:11  Corruptor  
Show
View Real Time Build Order
Export as new Build Order

TDXZoso Protoss 

Build Orders: Forge Fast Expand (FFE) 

Get SALT Encoding   

  12  0:01  Probe  
  13  0:22  Probe  
  13  0:25  Pylon  
  14  0:34  Probe  
  15  0:49  Forge  
  15  1:10  Gateway  
  15  1:29  Probe  
  15  1:30  Assimilator  
  15  1:32  Assimilator  
  16  1:38  Nexus  
  16  1:43  Probe  
  17  1:55  Probe (Chrono Boost)  
  18  2:07  Probe (Chrono Boost)  
  18  2:08  Pylon  
  19  2:13  Probe (Chrono Boost)  
  20  2:19  Pylon  
  20  2:21  Probe  
  21  2:27  Pylon  
  21  2:33  Probe  
  22  2:38  Cybernetics Core  
  23  2:51  Probe  
  23  2:59  Photon Cannon  
  23  3:03  Probe  
  24  3:14  Warp Gate (Chrono Boost)  
  24  3:15  Probe  
  25  3:23  Twilight Council  
  25  3:29  Gateway  
  25  3:32  Probe  
  26  3:35  Probe  
  27  3:44  Photon Cannon  
  27  3:48  Probe  
  28  3:51  Photon Cannon  
  28  4:00  Probe  
  28  4:01  Blink  
  29  4:09  Pylon  
  29  4:21  Probe (Chrono Boost)  
  31  4:32  Assimilator, Probe (Chrono Boost)  
  31  4:36  Assimilator, Probe (Chrono Boost)  
  32  4:47  Probe  
  32  4:52  Gateway  
  33  4:53  Gateway  
  33  4:58  Gateway  
  33  4:59  Probe  
  34  5:00  Gateway  
  34  5:03  Gateway  
  34  5:11  Probe  
  35  5:16  Stalker x2  
  39  5:24  Probe (Chrono Boost)  
  40  5:34  Probe (Chrono Boost)  
  41  5:39  Probe (Chrono Boost)  
  41  5:42  Stalker  
  44  5:43  Stalker  
  46  5:51  Probe  
  47  6:03  Probe (Chrono Boost)  
  48  6:11  Pylon  
  48  6:13  Nexus  
  48  6:15  Probe (Chrono Boost)  
  49  6:22  Robotics Facility, Probe (Chrono Boost)  
  50  6:27  Pylon  
  50  6:29  Pylon, Probe  
  51  6:32  Pylon  
  51  6:36  Pylon  
  51  6:39  Pylon, Assimilator  
  51  6:41  Probe  
  51  6:43  Pylon  
  51  6:44  Assimilator  
  52  6:51  Stalker x3  
  58  7:06  Stalker x2  
  58  7:07  Stalker  
  64  7:08  Stalker  
  66  7:26  Protoss Ground Weapons Level 1  
  66  7:27  Forge  
  66  7:34  Stalker x2  
  66  7:35  Stalker x2  
  74  7:44  Observer  
  75  8:01  Pylon  
  75  8:04  Warp Prism  
  77  8:05  Pylon  
  77  8:09  Pylon  
  77  8:20  Stalker  
  77  8:21  Stalker x2  
  77  8:22  Stalker  
  77  8:23  Stalker x2  
  77  8:24  Stalker  
  91  8:45  Charge  
  91  8:48  Protoss Ground Armor Level 1  
  91  9:03  Stalker  
  91  9:04  Stalker x4  
  91  9:05  Stalker x2  
  105  9:43  Nexus  
  105  9:46  Assimilator  
  105  9:51  Assimilator  
  105  9:53  Pylon  
  105  9:56  Pylon  
  105  9:58  Pylon  
  105  10:01  Pylon  
  105  10:04  Pylon  
  105  10:07  Pylon  
  87  10:53  Stalker  
  87  10:54  Stalker x4  
  87  10:55  Stalker x2  
  61  11:22  Gateway  
  61  11:23  Gateway  
  61  11:25  Gateway  
  61  11:33  Stalker x2  
  61  11:34  Stalker x5  
  61  12:08  Stalker  
  61  12:09  Stalker x3  
  61  12:10  Stalker x2  
  61  12:11  Stalker  
  55  12:21  Stalker  
  55  12:22  Stalker x2  
Show
View Real Time Build Order
Export as new Build Order

TDXBomb Protoss 

Build Orders: Cannon Rush 

Get SALT Encoding   

  12  0:05  Probe  
  13  0:27  Pylon  
  13  0:38  Probe  
  14  0:45  Forge  
  14  0:50  Probe  
  15  1:21  Photon Cannon  
  15  1:22  Photon Cannon  
  15  1:26  Photon Cannon  
  15  1:31  Pylon  
  15  1:43  Pylon  
  15  1:46  Probe (Chrono Boost)  
  17  1:55  Probe (Chrono Boost)  
  17  2:00  Probe (Chrono Boost)  
  18  2:14  Probe  
  19  2:15  Nexus  
  19  2:25  Gateway  
  19  2:31  Probe  
  19  2:32  Assimilator  
  20  2:43  Probe (Chrono Boost)  
  21  2:56  Probe (Chrono Boost)  
  22  2:59  Assimilator  
  22  3:05  Probe (Chrono Boost)  
  23  3:25  Probe (Chrono Boost)  
  24  3:31  Probe (Chrono Boost)  
  25  3:37  Probe (Chrono Boost)  
  27  3:42  Probe (Chrono Boost)  
  27  3:46  Probe (Chrono Boost)  
  29  3:49  Probe (Chrono Boost)  
  29  3:56  Probe (Chrono Boost)  
  29  3:58  Probe (Chrono Boost)  
  31  4:09  Probe (Chrono Boost)  
  33  4:10  Nexus  
  33  4:11  Pylon, Probe (Chrono Boost)  
  33  4:12  Cybernetics Core  
  33  4:14  Pylon, Probe (Chrono Boost)  
  34  4:17  Assimilator  
  34  4:21  Assimilator  
  34  4:44  Photon Cannon x2  
  34  4:49  Photon Cannon  
  34  4:50  Warp Gate  
  34  4:51  Photon Cannon  
  34  4:52  Zealot  
  36  4:59  Probe x2 (Chrono Boost)  
  38  5:05  Pylon  
  38  5:07  Pylon  
  38  5:09  Probe x2 (Chrono Boost)  
  38  5:13  Probe (Chrono Boost)  
  38  5:14  Probe (Chrono Boost)  
  42  5:25  Probe (Chrono Boost)  
  43  5:35  Probe (Chrono Boost)  
  46  5:36  Probe x2 (Chrono Boost)  
  46  5:37  Assimilator  
  46  5:40  Probe (Chrono Boost)  
  46  5:41  Assimilator  
  47  5:43  Probe  
  47  5:44  Probe  
  47  5:47  Twilight Council  
  47  5:48  Pylon  
  47  5:49  Pylon  
  49  5:54  Gateway  
  49  5:55  Gateway  
  50  5:57  Probe (Chrono Boost)  
  50  6:03  Probe (Chrono Boost)  
  51  6:11  Probe (Chrono Boost)  
  52  6:13  Probe (Chrono Boost)  
  52  6:18  Probe (Chrono Boost)  
  55  6:19  Probe (Chrono Boost)  
  55  6:21  Probe (Chrono Boost)  
  55  6:23  Probe (Chrono Boost)  
  55  6:24  Probe (Chrono Boost)  
  58  6:28  Dark Shrine  
  58  6:29  Gateway, Probe  
  58  6:32  Pylon  
  59  6:33  Pylon  
  59  6:35  Probe  
  59  6:36  Probe  
  61  6:48  Probe  
  62  7:00  Probe  
  63  7:17  Gateway x2  
  63  7:20  Gateway  
  63  7:27  Charge  
  63  7:56  Probe (Chrono Boost)  
  64  8:03  Dark Templar  
  64  8:04  Dark Templar x3  
  73  8:05  Probe (Chrono Boost)  
  73  8:10  Probe (Chrono Boost)  
  74  8:13  Dark Templar  
  74  8:14  Dark Templar  
  74  8:15  Dark Templar  
  80  8:22  Probe  
  81  8:34  Probe  
  81  8:40  Gateway  
  82  8:42  Gateway  
  82  8:45  Pylon x2  
  82  8:47  Pylon  
  82  8:50  Gateway  
  82  9:07  Blink  
  82  9:08  Zealot x4  
  82  9:09  Zealot x3  
  84  9:43  Forge x2  
  84  9:50  Zealot x2  
  84  9:51  Zealot x4  
  84  9:52  Zealot x4  
  104  9:53  Protoss Ground Weapons Level 1  
  102  10:12  Gateway  
  102  10:16  Gateway  
  94  10:22  Stalker x3  
  94  10:23  Stalker x4  
  94  10:24  Stalker x3  
  70  11:24  Nexus  
  70  11:28  Pylon  
  70  11:30  Pylon  
  70  11:31  Pylon  
  50  11:37  Dark Shrine  
  50  11:38  Photon Cannon  
  50  11:42  Photon Cannon  
  50  11:43  Photon Cannon  
  50  11:45  Photon Cannon  
  25  12:01  Zealot  
  25  12:02  Zealot x5  
  25  12:03  Zealot x2  
Show
View Real Time Build Order
Export as new Build Order

Shadie Zerg 

Build Orders: Hatch First 

Get SALT Encoding   

  12  0:10  Overlord  
  12  0:16  Drone  
  12  0:18  Drone  
  14  0:30  Drone  
  15  0:37  Drone  
  16  0:55  Hatchery  
  15  1:00  Drone  
  15  1:01  Drone  
  17  1:05  Extractor  
  16  1:20  Spawning Pool  
  16  1:21  Drone  
  16  1:25  Drone  
  17  1:30  Drone  
  18  1:42  Drone  
  19  1:51  Drone  
  20  2:03  Drone  
  20  2:08  Metabolic Boost  
  21  2:10  Queen  
  21  2:14  Overlord  
  23  2:19  Drone x2  
  25  2:23  Drone  
  26  2:30  Queen  
  28  2:37  Drone  
  28  2:39  Drone  
  28  2:41  Drone  
  31  2:46  Spore Crawler  
  31  2:49  Spore Crawler  
  29  2:51  Spore Crawler, Drone  
  29  2:53  Drone  
  29  2:56  Drone  
  31  3:04  Spore Crawler  
  30  3:11  Drone x2  
  32  3:14  Queen  
  34  3:23  Spore Crawler  
  33  3:28  Drone x3  
  33  3:32  Lair  
  36  3:36  Extractor, Overlord  
  35  3:48  Drone  
  36  3:57  Roach Warren  
  35  4:06  Drone x7  
  42  4:39  Roach  
  42  4:43  Overlord x2  
  44  4:50  Overseer  
  44  5:05  Roach x8  
  60  5:14  Overlord x2  
  60  5:15  Overlord  
  60  5:26  Glial Reconstitution  
  60  5:31  Queen  
  62  5:58  Roach x8  
  62  5:59  Roach x3  
  84  6:09  Evolution Chamber  
  84  6:10  Drone  
  84  6:12  Evolution Chamber, Overlord x2  
  83  6:28  Extractor  
  82  6:33  Ravager  
  82  6:34  Ravager x3  
  86  7:27  Roach x6  
  98  7:35  Zerg Missile Weapons Level 1  
  98  7:40  Drone  
  99  7:46  Extractor  
  99  7:47  Drone x2  
  100  7:57  Overlord x2  
  100  7:58  Overlord  
  100  8:23  Roach x7  
  114  8:42  Hatchery  
  113  8:53  Overlord x4  
  113  9:03  Zerg Ground Armor Level 1, Hydralisk Den  
  113  9:09  Overseer  
  112  9:15  Extractor  
  111  9:17  Extractor  
  110  9:28  Pneumatized Carapace  
  110  9:32  Zerg Missile Weapons Level 2  
  110  9:35  Roach x7  
  110  9:37  Hatchery  
  123  9:41  Grooved Spines  
  123  10:06  Hydralisk  
  123  10:07  Hydralisk x5  
  53  11:18  Hydralisk  
  53  11:19  Hydralisk x5  
  51  11:35  Drone x3  
  39  12:11  Hydralisk x2  
  39  12:12  Hydralisk x6  
Tags
 
Add a new tag
Caveats
  • Supply blocks, unpowered buildings, or Contaminate may cause inaccurate times.
  • Supply counts are checked every 10 seconds.